 Dungeon Crawl Stone Soup version 0.28.0-53-g5a82cb258f (webtiles) character file.

Game seed: 14499423003773281892

476 DocClef the Fighter (level 6, 0/62 HPs)
             Began as a Draconian Fighter on June 15, 2022.
             Was an Initiate of Okawaru.
             Slain by an ogre
             ... wielding a +0 giant club
              (17 damage)
             ... on level 6 of the Dungeon.
             The game lasted 00:04:41 (3661 turns).

DocClef the Fighter (Draconian Fighter)             Turns: 3661, Time: 00:04:42

Health: 0/62       AC:  7    Str: 21    XL:     6   Next: 85%
Magic:  6/6        EV: 11    Int:  8    God:    Okawaru [......]
Gold:   173        SH:  4    Dex: 10    Spells: 5/5 levels left

rFire   . . .      SeeInvis .   a - +0 war axe
rCold   . . .      Faith    .   b - +0 buckler
rNeg    . . .      Spirit   .   (armour unavailable)
rPois   .          Reflect  .   (helmet restricted)
rElec   .          Harm     .   (no cloak)
rCorr   .          Rampage  .   (no gloves)
Will    .....                   q - +0 pair of boots
Stlth   +.........              (no amulet)
HPRegen 0.20/turn               (no ring)
MPRegen 0.10/turn               (no ring)

@: no status effects
A: AC +6, unfitting armour, cold-blooded
a: Renounce Religion


You were on level 6 of the Dungeon.
You worshipped Okawaru.
Okawaru was noncommittal.
You visited 2 branches of the dungeon, and saw 7 of its levels.

You collected 173 gold pieces.

Inventory:

Hand Weapons
 a - a +0 war axe (weapon)
Armour
 b - a +0 buckler (worn)
 q - a +0 pair of boots (worn)
Jewellery
 m - a ring of positive energy
Wands
 r - a wand of acid (10)
 u - a wand of iceblast (8)
Scrolls
 i - a scroll of acquirement {unknown}
 j - 2 scrolls of fog {unknown}
 o - 3 scrolls of blinking {unknown}
 p - 2 scrolls of immolation {unknown}
 s - 3 scrolls of teleportation {unknown}
Potions
 c - a potion of might
 e - 4 potions of cancellation {unknown}
 h - 2 potions of haste {unknown}
 k - a potion of flight
 l - a potion of berserk rage
 n - a potion of magic {unknown}
 t - 2 potions of heal wounds {unknown}
 v - a potion of brilliance {unknown}


   Skills:
 + Level 8.6 Fighting
 - Level 2.0 Axes
 - Level 2.6 Dodging
 - Level 3.0 Shields


You had 5 spell levels left.
You didn't know any spells.
Your spell library contained the following spells:

 Spells                   Type           Power      Damage    Failure   Level
 Corpse Rot               Necr/Air       0%         N/A       65%         2
 Dispel Undead            Necr           0%         3d6       99%         4
 Fireball                 Conj/Fire      0%         3d3       100%        5
 Orb of Destruction       Conj           0%         9d5       100%        7
 Borgnjor's Revivificati  Necr           0%         N/A       100%        8
 Summon Ice Beast         Ice/Summ       Unusable   N/A       N/A         4
 Summon Mana Viper        Hex/Summ       Unusable   N/A       N/A         5
 Death Channel            Necr           Unusable   N/A       N/A         6
 Monstrous Menagerie      Summ           Unusable   N/A       N/A         7

Dungeon Overview and Level Annotations

Branches:
Dungeon (6/15)             Temple (1/1) D:6

Altars:
Okawaru
Qazlal
Vehumet
Xom
Yredelemnul
Zin

Shops:
D:2 =   D:3 [[[!:

Annotations:
D:5 Dowan, Duvessa


Innate Abilities, Weirdness & Mutations

Your plain brown scales are hard. (AC +6)
You cannot fit into any form of body armour.
You are cold-blooded and may be slowed by cold attacks.


Message History

The ufetubus hits you but does no damage.
You block the ufetubus's attack. The ufetubus misses you.
The ufetubus hits you but does no damage.
You slash the ufetubus!
You kill the ufetubus!
Okawaru accepts your kill.
You start resting.
A water moccasin comes into view.
The water moccasin hisses angrily.
There is a stone staircase leading down here.
You climb downwards.
You hear the sound of rushing water.
There is an entrance to a sewer on this level.
Hurry and find it before the portal rusts away!
You hear the brisk rusting of a drain nearby.
The iguana bites you!
The iguana bites you but does no damage.
The ogre closely misses you.
There is a stone staircase leading up here.
You slash the iguana!
The iguana is severely wounded.
You closely miss the ogre.
The iguana hisses menacingly.
You block the iguana's attack. The ogre barely misses you.
You completely miss the iguana.
You tail-slap the iguana, but do no damage.
The iguana is severely wounded.
You hit the ogre but do no damage. The iguana closely misses you.
The ogre hits you with a +0 giant club!!
* * * LOW HITPOINT WARNING * * *
You block the iguana's attack.
You closely miss the iguana.
The iguana is severely wounded.
You hit the ogre. The ogre barely misses you. The iguana bites you.
* * * LOW HITPOINT WARNING * * *
Unknown command.
You hit the iguana.
The iguana is almost dead.
You hit the ogre. The iguana closely misses you.
The ogre hits you with a +0 giant club!
You die...

...^# ##........,,,,,,,,,,,,,,,,
.#######..#######>,,,..,,,,*,,,,,
..........# **,,...,,,,*,,,,,
......###.# *,....,,*,*,,,,,
,,...,*##.# *##....,,,,,,*,**
,,..,,*#..# ##....,,,,*,,,,,*
,,.,,,*#.## #...,,,,,,,,*,,,*
,,,,,,*#.#######.#,,,,,,,,,**,,*
,,,,,,##..†..?..@#,,,,,,*,,,,,,**
,,,,,,#...###..l.O.#,,,**,,,**,,*
,,......####.......#******,,**,,,
,*..♣...,..$.......# *,,,,,,,
,,,.......##.......# **,,,,*,
,,....♣..,*##.....## *,,,,*,
,)......,,**.......# *,,,,**
,.......,,*#.......# *,,,,*
,,,,,,*,,***,,,,,,,* *,,,,*


You could see an ogre and an iguana.

Vanquished Creatures
  A black bear (D:6)
  A centaur (D:6)
  A bullfrog (D:6)
  A hound (D:3)
  2 hound skeletons (D:4)
  9 adders
  An ufetubus (D:5)
  An adder zombie (D:5)
  An adder skeleton (D:4)
  2 worms
  4 dart slugs
  3 orcs (D:3)
  7 endoplasms
  3 giant cockroaches
  6 goblins
  9 hobgoblins
  7 jackals (D:1)
  4 quokkas
  8 ball pythons
  4 bats
  A frilled lizard (D:1)
  7 kobolds
  4 rats
87 creatures vanquished.

Notes
Turn   | Place    | Note
-------+----------+-------------------------------------------
     0 | D:1      | DocClef the Draconian Fighter began the quest for the Orb.
     0 | D:1      | Reached XP level 1. HP: 19/19 MP: 1/1
    81 | D:1      | Reached skill level 4 in Fighting
    81 | D:1      | Reached XP level 2. HP: 14/27 MP: 2/2
   612 | D:1      | Reached XP level 3. HP: 22/34 MP: 3/3
  1150 | D:2      | Reached skill level 5 in Fighting
  1200 | D:2      | Found Ufrikukk's Jewellery Emporium.
  1396 | D:2      | Found a faded altar of an unknown god.
  1552 | D:3      | Found Nuclogy's Armour Shop.
  1559 | D:3      | Reached XP level 4. HP: 31/42 MP: 4/4
  1642 | D:3      | Found Ziozaec's Distillery.
  1694 | D:3      | Reached skill level 6 in Fighting
  1838 | D:3      | Found Boicetoq's Antique Armour Shop.
  1898 | D:3      | Identified the +1 short sword of Hueteygu {venom, *Rage
                  | rElec Dex+2 Stlth+}
  1958 | D:3      | Found Kaadyits's Armour Boutique.
  2120 | D:3      | Found Qoamoyt's Book Shoppe.
  2201 | D:3      | Reached XP level 5. HP: 41/51 MP: 5/5
  2455 | D:4      | Got the Almanac of Dark Confrontation
  2574 | D:4      | Reached skill level 7 in Fighting
  3030 | D:5      | Entered Level 5 of the Dungeon
  3114 | D:5      | Found a shimmering altar of Xom.
  3114 | D:5      | Found a shimmering altar of Xom.
  3115 | D:5      | Found a shimmering altar of Xom.
  3180 | D:5      | Noticed Duvessa
  3180 | D:5      | Noticed Dowan
  3192 | D:5      | Noticed a black bear
  3202 | D:6      | Killed a black bear
  3203 | D:6      | Reached XP level 6. HP: 41/61 MP: 6/6
  3220 | D:6      | Found a staircase to the Ecumenical Temple.
  3226 | Temple   | Entered the Ecumenical Temple
  3429 | Temple   | Became a worshipper of Warmaster Okawaru
  3461 | D:6      | Reached skill level 8 in Fighting
  3653 | D:5      | Noticed a water moccasin
  3661 | D:6      | Slain by an ogre

Illustrated notes

Levels and vault maps discovered:
D:1:      evilmike_arrival_fibonacci_small, layout_rooms
D:2:      layout_rooms, hellmonk_ecumenical_altar_crossroads, serial_shops,
          shop, kennysheep_doodads
D:3:      layout_loops_ring, serial_shops, nicolae_shop_stone,
          nicolae_shop_hallway_stairs, shop, nicolae_shop_window_shopping,
          shop_fountains
D:4:      layout_rooms, kennysheep_generic_room_4
D:5:      layout_basic, xom_redecorated, ebering_ghost_disaster_area,
          uniq_duvessa
D:6:      layout_rooms, temple_doors_e, gup_sewer_entry_bubbles,
          minmay_misc_feat_cross, minmay_misc_feat_plants
Temple:   oiseaux_autumnal_temple

Skill      XL: |  1  2  3  4  5  6 |
---------------+-------------------+-----
Fighting       | 4 5 6 7 8 |  8.6
Axes           | |  2.0
Dodging        | |  2.6
Shields        | |  3.0

Action                   |  1- 3 |  4- 6 || total
-------------------------+-------+-------++-------
Melee: War axe           |   126 |   148 ||   274
       Tailslap          |     9 |    16 ||    25
  Use: Scroll            |       |     4 ||     4
 Stab: Sleeping          |       |     1 ||     1
Armor: Skin              |    60 |    77 ||   137
Dodge: Dodged            |    88 |    97 ||   185
Block: Buckler           |    24 |    45 ||    69
